 Dungeon Crawl Stone Soup version 0.17-a0-1572-g7a1422d (webtiles) character file.

63 urechis the Skirmisher (level 4, 0/29 HPs)
             Began as a Gargoyle Fighter on July 25, 2015.
             Slain by a gnoll
             ... wielding a +0 halberd
              (12 damage)
             ... on level 2 of the Dungeon.
             The game lasted 00:01:48 (1279 turns).

urechis the Skirmisher (Gargoyle Fighter)           Turns: 1279, Time: 00:01:48

Health: 0/29       AC: 10    Str: 19    XL:     4   Next: 10%
Magic:  4/4        EV:  9    Int:  9    God:
Gold:   60         SH:  0    Dex: 10    Spells: 0 memorised, 3 levels left

rFire  . . .     SeeInvis .     a - +0 flail
rCold  . . .     Clarity  .     b - +0 scale mail
rNeg   + . .     SustAt   .     (no shield)
rPois  ∞         Gourm    .     (no helmet)
rElec  +         Spirit   .     (no cloak)
rCorr  .         Warding  .     (no gloves)
rMut   .         Stasis   .     (no boots)
MR     .....                    (no amulet)
Stlth  ..........               (no ring)
                                (no ring)

@: not resistant to hostile enchantments, extremely unstealthy
A: negative energy resistance 1, electricity resistance, unbreathing,
petrification resistance, rot immunity, AC +3
a: no special abilities


You were on level 2 of the Dungeon.
You were not hungry.

You visited 1 branch of the dungeon, and saw 2 of its levels.

You collected 60 gold pieces.

Inventory:

Hand weapons
 a - a +0 flail (weapon)
Armour
 b - a +0 scale mail (worn)
 c - a +0 shield
Scrolls
 d - a scroll of identify {unknown}
 g - a scroll of random uselessness {unknown}
 l - a scroll of recharging {unknown}
Potions
 e - a potion of might
 f - a potion of beneficial mutation {unknown}
 h - 2 potions of curing {unknown}
 i - a potion of haste {unknown}
 k - a potion of cancellation {unknown}
Comestibles
 j - a bread ration


   Skills:
 + Level 4.0 Fighting
 * Level 3.7 Maces & Flails
 - Level 3.2 Armour
 - Level 3.2 Shields


You had 3 spell levels left.
You didn't know any spells.

Dungeon Overview and Level Annotations

Branches:
Dungeon (2/15)

Altars:
The Shining One


Innate Abilities, Weirdness & Mutations

You are resistant to torment.
Your stone body is resilient (AC +3).
You are immune to poison.
You resist negative energy.
You are resistant to electric shocks.
You can survive without breathing.
You are immune to petrification.
You are immune to rotting.


Message History

You barely miss the gnoll.
The gnoll is almost dead.
The gnoll hits you with a flail.
You barely miss the gnoll.
The gnoll is almost dead.
The gnoll misses you.
You closely miss the gnoll.
The gnoll is almost dead.
The gnoll completely misses you.
You hit the gnoll but do no damage.
The gnoll is almost dead.
The gnoll hits you with a flail.
You hit the gnoll.
You kill the gnoll!
Your Fighting skill increases to level 4!
You have reached level 4!
You feel clever.
You barely miss the gnoll. The gnoll barely misses you.
The gnoll hits you from afar with a halberd!
You die...

......#.#...................
..........#.................
.......#..#.................
.......(g......###.........#
.....g##..#.#..# #.........#
##### #.......# #.........#
####g#### #.........# #g#
#.........# #@# #.........#
#.# #.........# ..#
##.##.##.## #### #.##.##.##
####.#....... #....#.##..#.
#.##......... #.##.......#.
#.####..####.


You could see 2 gnolls.

Vanquished Creatures
  A gnoll (D:2)
  An adder (D:2)
  2 worms (D:2)
  A giant gecko (D:1)
  4 bats
  2 giant cockroaches
  6 goblins
  5 hobgoblins
  4 jackals (D:1)
  3 giant newts
  6 kobolds
  3 rats
38 creatures vanquished.

Notes
Turn   | Place    | Note
--------------------------------------------------------------
     0 | D:1      | urechis the Gargoyle Fighter began the quest for the Orb.
     0 | D:1      | Reached XP level 1. HP: 14/14 MP: 1/1
   138 | D:1      | Reached XP level 2. HP: 14/19 MP: 2/2
   566 | D:1      | Reached XP level 3. HP: 24/24 MP: 3/3
  1033 | D:2      | Found a faded altar to an unknown god.
  1196 | D:2      | Found a glowing golden altar of the Shining One.
  1278 | D:2      | Reached skill level 4 in Fighting
  1278 | D:2      | Reached XP level 4. HP: 12/29 MP: 4/4
  1279 | D:2      | Slain by a gnoll

Vault maps used:
D:1:      dpeg_arrival_simpleton_a, minmay_statues_item
D:2:      lemuel_zombie_altar_yredelemnul, nicolae_tso_swordbearing_angel,
          ecumenical_altar_2, uniq_crazy_yiuf_cottage, uniq_natasha

Action                   |  1- 3 |  4- 6 || total
-------------------------+-------+-------++-------
Melee: Flail             |   140 |     1 ||   141
  Eat: Bread ration      |     1 |       ||     1
